 Dungeon Crawl Stone Soup version 0.24-a0-699-g5a66b1aa3b (webtiles) character file.

Game seed: 2952490469020047877, levelgen mode: deterministic

58 Kairok the Sneak (level 4, -4/21 HPs)
             Began as a Vine Stalker Enchanter on Sept 29, 2019.
             Slain by a gnoll
             ... wielding a +0 halberd
              (10 damage)
             ... on level 2 of the Dungeon.
             The game lasted 00:03:41 (1572 turns).

Kairok the Sneak (Vine Stalker Enchanter)           Turns: 1572, Time: 00:03:42

Health: -4/21      AC:  5    Str: 11    XL:     4   Next: 1%
Magic:  0/8        EV:  8    Int: 15    God:
Gold:   74         SH:  0    Dex: 15    Spells: 6/7 levels left

rFire    . . .     SeeInvis .   a - +1 dagger
rCold    . . .     Gourm    .   (no shield)
rNeg     . . .     Faith    .   e - +0 ring mail
rPois    .         Spirit   +   (no helmet)
rElec    .         Reflect  .   (no cloak)
rCorr    .         Harm     .   (no gloves)
MR       .....                  (no boots)
Stlth    ++........             (no amulet)
HPRegen  0.47/turn              (no ring)
MPRegen  0.11/turn              (no ring)

@: starving, constricted
A: fangs 2, regeneration 1, magic shield, antimagic bite, no potion heal 3, rot
immunity
a: no special abilities


You were on level 2 of the Dungeon.
You were starving.

You visited 1 branch of the dungeon, and saw 2 of its levels.

You collected 74 gold pieces.

Inventory:

Hand Weapons
 a - a +1 dagger (weapon)
Missiles
 g - 11 silver boomerangs (quivered)
 j - 30 poisoned darts
Armour
 b - a +0 robe
 e - a +0 ring mail (worn)
Scrolls
 f - a scroll of teleportation {unknown}
 h - a scroll of fear {unknown}
 i - a scroll of identify {unknown}
 k - a scroll of amnesia {unknown}
Potions
 c - a potion of lignification {unknown}
Comestibles
 d - 4 rations


   Skills:
 + Level 0.8 Fighting
 + Level 1.1 Short Blades
 + Level 2.1 Dodging
 + Level 4.3 Stealth
 + Level 2.4 Spellcasting
 + Level 3.4 Hexes


You had 6 spell levels left.
You knew the following spells:

 Your Spells              Type           Power        Failure   Level  Hunger
a - Corona                Hex            ##.....      13%         1    #......

Your spell library contained the following spells:

 Spells                   Type           Power        Failure   Level  Hunger
 Ensorcelled Hibernation  Hex/Ice        #.....       36%         2    ###....
 Confuse                  Hex            ##......     36%         3    ###....
 Tukima's Dance           Hex            ##......     36%         3    ###....
 Dazzling Spray           Conj/Hex       #.....       58%         3    ###....


Dungeon Overview and Level Annotations

Branches:
Dungeon (2/15)

Altars:
Ru


Innate Abilities, Weirdness & Mutations

You have extremely sharp teeth.
Your natural rate of healing is unusually fast.
When hurt, damage is shared between your health and your magic reserves.
Your bite disrupts and absorbs the magic of your enemies.
Potions cannot restore your health.
You are immune to rotting.


Message History

Your ring mail prevents you from hitting the gnoll.
You bite the gnoll. You drain its power.
The gnoll is moderately wounded.
You hit the gnoll but do no damage. Your bite misses the gnoll.
The gnoll is moderately wounded.
The ball python completely misses you. The ball python grabs you.
The ball python constricts you. The gnoll hits you with a +0 halberd!
The ball python bites you but does no damage.
The ball python constricts you.
You hit the gnoll.
The gnoll is moderately wounded.
The gnoll hits you with a +0 halberd.
The ball python bites you but does no damage.
The ball python constricts you.
You hit the gnoll. You bite the gnoll, but do no damage.
The gnoll is heavily wounded.
The gnoll hits you with a +0 club.
* * * LOW HITPOINT WARNING * * *
The gnoll hits you with a +0 halberd!
You die...

#########g##......
########.......#.#####..#
#...g....#####.#.........
#g#####..# #......##.##
#.#####..# ######.##...
#g##.[...# #)#####
#.##.##.## ####.#
#.##.##S##### #....#
#......g@<....
..##.....####.#####...
#.###.....#.......#####
#. #...###.##)##g# #.
#.#.# # #..#.# #. #.#.###
##.#g# ....###.#.#####


You could see 2 gnolls and a ball python.

Vanquished Creatures
  A gnoll (D:1)
  An adder (D:2)
  2 dart slugs (D:1)
  A leopard gecko (D:2)
  An orc (D:2)
  2 giant cockroaches (D:1)
  4 goblins
  6 hobgoblins
  A quokka (D:1)
  A bat (D:1)
  4 frilled lizards
  8 kobolds
  3 rats (D:1)
35 creatures vanquished.

Notes
Turn   | Place    | Note
-------+----------+-------------------------------------------
     0 | D:1      | Kairok the Vine Stalker Enchanter began the quest for the
                  | Orb.
     0 | D:1      | Reached XP level 1. HP: 9/9 MP: 4/4
    50 | D:1      | Reached XP level 2. HP: 11/14 MP: 1/6
   376 | D:1      | Reached XP level 3. HP: 12/17 MP: 7/7
   886 | D:2      | Found a sacrificial altar of Ru.
   898 | D:2      | Reached skill level 1 in Short Blades
  1454 | D:1      | Reached skill level 4 in Stealth
  1454 | D:1      | Gained mutation: Your natural rate of healing is unusually
                  | fast. [Vine Stalker growth]
  1454 | D:1      | Reached XP level 4. HP: 8/21 MP: 3/8
  1572 | D:2      | Slain by a gnoll

Levels and vault maps discovered:
D:1:      wander_arrival_peaceful_grave, layout_loops_ring
D:2:      layout_loops_cross, nicolae_ru_sacrificial_ziggurat, first_ration

Skill      XL: |  1  2  3 |
---------------+----------+-----
Dodging        | 2 |  2.1
Short Blades   | 1 |  1.1
Stealth        | 4 |  4.3
Fighting       | |  0.8
Spellcasting   | |  2.4
Hexes          | |  3.4

Action                   |  1- 3 |  4- 6 || total
-------------------------+-------+-------++-------
Melee: Dagger            |   131 |     5 ||   136
       Bite              |    27 |     2 ||    29
Throw: Boomerang         |     1 |     4 ||     5
  Use: Potion            |     3 |       ||     3
       Scroll            |     2 |       ||     2
 Stab: Sleeping          |     5 |       ||     5
       Invisible         |     1 |       ||     1
Armor: Ring mail         |    34 |     3 ||    37
Dodge: Dodged            |    80 |     3 ||    83

Table legend:
 A = Non-vault XP
 B = Vault XP
 C = Vault XP percentage of total XP
 D = Non-vault monster count
 E = Vault monster count
 F = Vault count percentage of total count
                 A         B        C        D         E       F
            +---------+---------+-------+---------+---------+-------
      Total |      83 |       0 |   0.0 |      35 |       0 |   0.0
            +---------+---------+-------+---------+---------+-------
        D:1 |      55 |       0 |   0.0 |      26 |       0 |   0.0
        D:2 |      28 |       0 |   0.0 |       9 |       0 |   0.0
            +---------+---------+-------+---------+---------+-------
